 Dungeon Crawl Stone Soup version 0.28.0-53-g5a82cb258f (webtiles) character file.

Game seed: 14107349892052495459

7 SanguineChosen the Shield-Bearer (level 2, 0/19 HPs)
             Began as a Gargoyle Fighter on July 15, 2022.
             Slain by a hobgoblin (2 damage)
             ... on level 1 of the Dungeon.
             The game lasted 00:01:03 (137 turns).

SanguineChosen the Shield-Bearer (Gargoyle Fighter)  Turns: 137, Time: 00:01:03

Health: 0/19       AC:  9    Str: 19    XL:     2   Next: 4%
Magic:  2/2        EV:  9    Int:  8    God:
Gold:   48         SH:  4    Dex:  9    Spells: 1/1 levels left

rFire   . . .      SeeInvis .   a - +0 flail
rCold   . . .      Faith    .   c - +0 buckler
rNeg    + . .      Spirit   .   b - +0 scale mail
rPois   ∞          Reflect  .   (no helmet)
rElec   +          Harm     .   (no cloak)
rCorr   .          Rampage  .   (no gloves)
Will    .....                   (no boots)
Stlth   ..........              (no amulet)
HPRegen 0.06/turn               (no ring)
MPRegen 0.08/turn               (no ring)

@: mighty
A: sickness immunity, AC +2, negative energy resistance 1, electricity
resistance, torment resistance 1, petrification resistance
a: no special abilities


You were on level 1 of the Dungeon.
You visited 1 branch of the dungeon, and saw 1 of its levels.

You collected 48 gold pieces.

Inventory:

Hand Weapons
 a - a +0 flail (weapon)
Armour
 b - a +0 scale mail (worn)
 c - a +0 buckler (worn)


   Skills:
 + Level 3.4 Fighting
 + Level 2.1 Maces & Flails
 + Level 3.4 Armour
 + Level 0.2 Dodging
 + Level 3.4 Shields


You had one spell level left.
You didn't know any spells.
Your spell library was empty.

Dungeon Overview and Level Annotations

Branches:
Dungeon (1/15)

Altars:


Innate Abilities, Weirdness & Mutations

You are immune to sickness and miasma.
Your stone body is resilient. (AC +2)
You are immune to poison.
You resist negative energy. (rN+)
You are resistant to electric shocks. (rElec)
You are resistant to unholy torment.
You are immune to petrification.


Message History

You hit the hobgoblin but do no damage.
The hobgoblin is heavily wounded.
You block the goblin's attack. The endoplasm closely misses you.
The kobold hits you with a +0 short sword.
The hobgoblin misses you. The goblin hits you with a +0 dagger.
The endoplasm hits you but does no damage.
You sock the kobold!
You kill the kobold!
A giant cockroach comes into view.
A bat comes into view.
The hobgoblin barely misses you. The goblin hits you but does no damage.
The endoplasm hits you but does no damage.
The bat moves out of view.
The endoplasm freezes you.
You are frozen.
You block the rat's attack.
Things that are here:
a +0 short sword; a kobold corpse The rat barely misses you.
You barely miss the hobgoblin.
The hobgoblin is moderately wounded.
The hobgoblin hits you but does no damage. x2
The goblin hits you but does no damage.
The giant cockroach bites you but does no damage. x2
You closely miss the giant cockroach. The giant cockroach bites you.
The hobgoblin barely misses you.
A dart slug comes into view.
You closely miss the giant cockroach. You block the giant cockroach's attack.
The hobgoblin hits you but does no damage.
The giant cockroach closely misses you.
You closely miss the giant cockroach.
The hobgoblin hits you but does no damage.
The giant cockroach bites you but does no damage.
You hit the giant cockroach.
You kill the giant cockroach!
The bat barely misses you. The bat hits you but does no damage.
The hobgoblin hits you. x2
* * * LOW HITPOINT WARNING * * *
You have reached level 2!
You feel very mighty all of a sudden. The bat hits you but does no damage.
The hobgoblin hits you.
You die...

.........# ..# #...
.........# .. #...
......... ##.# #...
........# #..# #...
........###.###.# ####
.....B.J........#
#####.#gJ..###########
###..#g###..........#
#....r@# #..........#
.....b#####..........#
..w..................#
..##.######†.........#
. .. #..........# #.
#.)........# ..
#######†#### #....#
####.###


You could see a dart slug, 2 endoplasms, a hobgoblin, a goblin, a bat and a rat.

Vanquished Creatures
  2 endoplasms (D:1)
  A giant cockroach (D:1)
  A kobold (D:1)
  A bat (D:1)
  2 rats (D:1)
7 creatures vanquished.

Notes
Turn   | Place    | Note
-------+----------+-------------------------------------------
     0 | D:1      | SanguineChosen the Gargoyle Fighter began the quest for the
                  | Orb.
     0 | D:1      | Reached XP level 1. HP: 14/14 MP: 1/1
   137 | D:1      | Reached XP level 2. HP: 2/19 MP: 2/2
   137 | D:1      | Slain by a hobgoblin

Illustrated notes

Levels and vault maps discovered:
D:1:      lemuel_arrival_hallway, layout_rooms

Action                   || total
-------------------------++-------
Melee: Flail             ||    20
  Use: Potion            ||     1
Armor: Scale mail        ||    28
Dodge: Dodged            ||    17
Block: Buckler           ||     8
